 Dungeon Crawl Stone Soup version 0.24.1-8-ga250c9d538 (webtiles) character file.

Game seed: 12537715975850768623, levelgen mode: deterministic

4683 Curus the Severer (level 10, -1/77 HPs)
             Began as a Minotaur Fighter on May 7, 2020.
             Was a Priest of Trog.
             Slain by a wolf (8 damage)
             ... led by Grum
             ... on level 8 of the Dungeon.
             The game lasted 00:43:28 (6580 turns).

Curus the Severer (Minotaur Fighter)                Turns: 6580, Time: 00:43:29

Health: -1/77      AC: 23    Str: 20    XL:     10   Next: 21%
Magic:  9/9        EV:  6    Int:  8    God:    Trog [***...]
Gold:   216        SH:  0    Dex: 11    Spells: 9/9 levels left

rFire    + . .     SeeInvis .   z - +1 battleaxe
rCold    . . .     Gourm    .   (shield currently unavailable)
rNeg     . . .     Faith    .   H - +0 plate armour
rPois    .         Spirit   .   (helmet restricted)
rElec    .         Reflect  .   l - +1 cloak
rCorr    .         Harm     .   u - +1 pair of gloves
MR       .....                  q - +1 pair of boots
Stlth    ..........             L - amulet of rage
HPRegen  0.22/turn              F - +5 ring of protection
MPRegen  0.11/turn              D - ring of protection from fire

@: lethally poisoned (-1 -> -3), berserk cooldown, slowed, very slow
A: retaliatory headbutt, horns 2
a: Berserk, Trog's Hand, Renounce Religion, Evoke Berserk Rage


You were on level 8 of the Dungeon.
You worshipped Trog.
Trog was most pleased with you.
You were near starving.

You visited 1 branch of the dungeon, and saw 8 of its levels.
You also visited: Ossuary.

You collected 447 gold pieces.
You spent 231 gold pieces at shops.

Inventory:

Hand Weapons
 a - a +0 war axe of chopping
 i - a +3 war axe of flaming
 p - a +1 war axe of electrocution
 t - the +3 war axe "Qeogrinybi" {holy, rF+}
   (You found it on level 4 of the Dungeon)

   It has been blessed by the Shining One to cause great damage to the undead
   and demons.
   It protects you from fire.
 z - a +1 battleaxe (weapon)
Armour
 b - a +0 scale mail
 c - a +0 shield
 h - a +0 buckler
 j - a +0 pair of boots
 l - a +1 cloak (worn)
 m - a +1 chain mail
 q - a +1 pair of boots (worn)
 u - a +1 pair of gloves (worn)
 H - a +0 plate armour (worn)
Jewellery
 v - an uncursed amulet of inaccuracy
 C - an uncursed ring of flight
 D - a ring of protection from fire (right hand)
 F - a +5 ring of protection (left hand)
 L - an amulet of rage (around neck)
 M - an uncursed ring of ice
Wands
 g - a wand of digging (4)
 k - a wand of iceblast (7)
 o - a wand of polymorph (3)
 s - a wand of acid (7)
Scrolls
 r - 5 scrolls of identify
 y - a scroll of random uselessness
 E - 4 scrolls of remove curse
 G - a scroll of magic mapping
Potions
 d - 2 potions of magic
 e - a potion of haste
 n - a potion of brilliance
 w - 2 potions of agility
 x - 4 potions of curing
 A - 3 potions of degeneration
 B - a potion of resistance
 I - 4 potions of might
 J - 2 potions of flight
Comestibles
 f - 19 rations


   Skills:
 - Level 3.6 Fighting
 + Level 16.7 Axes
 - Level 3.6 Armour
 - Level 3.6 Shields


You had 9 spell levels left.
You didn't know any spells.
Your spell library contained the following spells:

 Spells                   Type           Power        Failure   Level  Hunger
 Beastly Appendage        Tmut           #.....       100%        1    ##.....
 Sticks to Snakes         Tmut           #.......     100%        2    ###....
 Spider Form              Tmut/Pois      #.........   100%        3    ####...
 Ice Form                 Ice/Tmut       #.......     100%        4    #####..
 Blade Hands              Tmut           #.........   100%        5    ######.


Dungeon Overview and Level Annotations

Branches:
Dungeon (8/15)             Temple (0/1) D:4         Ossuary (visited)
   Lair: D:8-11

Altars:
Elyvilon
Kikubaaqudgha
Okawaru
Trog
Vehumet
Xom

Shops:
D:5 !??!*   D:6 (

Annotations:
D:8 Gastronok, Grum


Innate Abilities, Weirdness & Mutations

You reflexively headbutt those who attack you in melee.
You have a pair of horns on your head.


Message History

You are exhausted.
You feel yourself slow down.
You feel sick.
The wolf bites you but does no damage. x2
You barely miss Grum.
Grum is severely wounded.
Your plate armour prevents you from hitting the wolf.
You feel sick. The wolf bites you but does no damage.
Grum hits you with a -2 glaive.
* * * LOW HITPOINT WARNING * * *
The wolf barely misses you.
Okay, then.
Unknown command.
You miss Grum.
Grum is severely wounded.
You miss the wolf. The wolf bites you but does no damage.
Grum barely misses you. The wolf bites you.
* * * LOW HITPOINT WARNING * * *
Gastronok the Ponderous comes into view.
He is wearing a +0 hat of magic resistance.
You feel sick. The wolf bites you!
You die... ### #.. #.### #ghw#

#@#
#.#
#.#
#.#
#)#
#.#
#.#
#.#
..#


You could see Gastronok, Grum and a wolf.

Vanquished Creatures
  Erica (D:8)
  Pikel (D:7)
  A manticore (D:7)
  A hippogriff (D:8)
  A hungry ghost (D:7)
  Menkaure (D:6)
  5 orc warriors
  2 ogres
  A phantom (D:3)
  A centaur (D:6)
  A wolf (D:8)
  An elf zombie (Ossuary)
  2 bullfrogs
  A scorpion (D:7)
  3 wights (D:7)
  2 howler monkeys (D:6)
  2 crimson imps
  2 hounds
  2 orc priests
  2 centaur zombies
  2 human zombies (Ossuary)
  9 orc wizards
  A bullfrog skeleton (D:7)
  Crazy Yiuf (D:2)
  An iguana (D:6)
  Natasha (thrice) (D:3)
  9 worker ants
  2 big kobold zombies (Ossuary)
  3 hound zombies
  3 mummies (Ossuary)
  Robin (D:2)
  A worker ant zombie (D:6)
  13 adders
  7 gnolls
  3 shadow imps
  2 oozes (D:1)
  4 adder zombies (Ossuary)
  An adder skeleton (D:6)
  3 worms
  4 dart slugs
  3 leopard geckos
  25 orcs
  3 ball pythons
  11 bats
  5 giant cockroaches
  17 goblins
  6 hobgoblins
  11 jackals
  8 kobolds
  4 quokkas
  7 frilled lizards
  2 gnoll zombies (Ossuary)
  2 goblin zombies (Ossuary)
  4 hobgoblin zombies (Ossuary)
  A jackal skeleton (D:5)
  3 jackal zombies (Ossuary)
  6 kobold zombies (Ossuary)
  2 orc zombies (Ossuary)
  4 quokka zombies (Ossuary)
  7 rats
  A rat zombie (Ossuary)
  A fungus (D:2)
239 creatures vanquished.

Vanquished Creatures (others)
  A slave (D:7)
  An orc (D:7)
2 creatures vanquished.

Grand Total: 241 creatures vanquished

Notes
Turn   | Place    | Note
-------+----------+-------------------------------------------
     0 | D:1      | Curus the Minotaur Fighter began the quest for the Orb.
     0 | D:1      | Reached XP level 1. HP: 19/19 MP: 0/0
    12 | D:1      | Reached skill level 3 in Axes
    30 | D:1      | Reached XP level 2. HP: 24/26 MP: 1/1
   216 | D:1      | Reached skill level 4 in Axes
   367 | D:1      | Reached XP level 3. HP: 25/31 MP: 2/2
   840 | D:2      | Reached skill level 5 in Axes
   877 | D:2      | Found an ancient bone altar of Kikubaaqudgha.
   878 | D:2      | Found a white marble altar of Elyvilon.
   880 | D:2      | Found a radiant altar of Vehumet.
   882 | D:2      | Noticed Robin
   888 | D:2      | Reached XP level 4. HP: 33/39 MP: 3/3
   901 | D:2      | Killed Robin
  1139 | D:2      | Reached skill level 6 in Axes
  1386 | D:2      | Reached XP level 5. HP: 45/45 MP: 4/4
  1461 | D:2      | Found a shimmering altar of Xom.
  1643 | D:2      | Found a runed translucent door.
  1644 | D:2      | Noticed Crazy Yiuf
  1649 | D:2      | Killed Crazy Yiuf
  1738 | D:3      | Noticed Natasha
  1747 | D:3      | Reached skill level 7 in Axes
  1758 | D:3      | Killed Natasha
  1775 | D:3      | Reached XP level 6. HP: 45/51 MP: 5/5
  1823 | D:3      | Noticed Natasha
  1830 | D:3      | Killed Natasha
  1830 | D:3      | Reached skill level 8 in Axes
  1857 | D:3      | Noticed Natasha
  1870 | D:3      | Killed Natasha
  2108 | D:3      | Reached skill level 9 in Axes
  2445 | D:3      | Found a bloodstained altar of Trog.
  2463 | D:3      | Became a worshipper of Trog the Wrathful
  2709 | D:3      | Reached XP level 7. HP: 57/57 MP: 6/6
  2881 | D:4      | Got a brightly glowing war axe
  2882 | D:4      | Identified the cursed +3 war axe "Qeogrinybi" {holy, rF+}
                  | (You found it on level 4 of the Dungeon)
  3263 | D:4      | Reached skill level 10 in Axes
  3330 | D:4      | Found a staircase to the Ecumenical Temple.
  3680 | D:5      | Entered Level 5 of the Dungeon
  3772 | D:5      | Found Vezucw's Distillery.
  3775 | D:5      | Bought 2 potions of degeneration for 26 gold pieces
  3775 | D:5      | Bought a potion of resistance for 130 gold pieces
  3775 | D:5      | Bought a potion of curing for 39 gold pieces
  3811 | D:5      | Found Vuebab's Magic Scroll Shop.
  3860 | D:5      | Found Wukh's Magic Scroll Emporium.
  3886 | D:5      | Reached * piety under Trog
  3942 | D:5      | Found Hufounur's Assorted Antiques.
  3944 | D:5      | Found Emiroeq's Distillery.
  4150 | D:5      | Found an iron altar of Okawaru.
  4317 | D:6      | Reached skill level 11 in Axes
  4413 | D:6      | Reached XP level 8. HP: 64/64 MP: 7/7
  4522 | D:6      | Reached skill level 12 in Axes
  4583 | D:6      | Noticed Menkaure
  4595 | D:6      | Killed Menkaure
  4821 | D:6      | Reached ** piety under Trog
  4879 | D:5      | Bought a scroll of remove curse for 36 gold pieces
  4960 | D:6      | Reached skill level 13 in Axes
  5211 | D:6      | Found Ratuze's Weapon Emporium.
  5321 | D:7      | Noticed Pikel
  5324 | D:7      | Reached XP level 9. HP: 62/70 MP: 8/8
  5331 | D:7      | Killed Pikel
  5331 | D:7      | Reached skill level 14 in Axes
  5628 | D:7      | Reached skill level 15 in Axes
  5700 | D:7      | Found a sand-covered staircase.
  5716 | Ossuary  | Entered an ossuary
  5830 | Ossuary  | Reached *** piety under Trog
  5987 | D:7      | Noticed a manticore
  5996 | D:7      | Killed a manticore
  5996 | D:7      | Reached skill level 16 in Axes
  6554 | D:8      | Noticed Erica
  6560 | D:8      | Reached XP level 10. HP: 59/77 MP: 9/9
  6565 | D:8      | Noticed Grum
  6568 | D:8      | Killed Erica
  6579 | D:8      | Noticed Gastronok
  6580 | D:8      | Slain by a wolf

Levels and vault maps discovered:
D:1:      psy_arrival_basics, layout_loops_corners, hangedman_decor_growths,
          serial_bayou_ford_a
D:2:      layout_loops_ring, grunt_temple_overflow_open, xom_teletrap_fun,
          hangedman_feature_mirror, minmay_pentomino_x2,
          uniq_crazy_yiuf_cottage, uniq_robin
D:3:      layout_basic, lemuel_crystal_altar, uniq_natasha
D:4:      layout_loops_cross, minmay_temple_entry_fiery, first_ration,
          amethyst_killhole, kennysheep_generic_room_12
D:5:      layout_loops_cross, serial_shops, shop, shop_scrolls,
          kennysheep_little_box, nicolae_shop_crystal, nicolae_shop_trees,
          kennysheep_flooded_box, minmay_diced_spiral
D:6:      minmay_spotlight, layout_loops_ring, serial_shops, shop, uniq_menkaure
D:7:      layout_loops_ring, nicolae_ossuary_entry_ruins, grunt_ogre_cave,
          uniq_pikel
D:8:      layout_basic, chequers_temple_overflow_minitemple,
          david_lair_shrubbed, minmay_misc_feat_iff, hangedman_decor_push,
          minmay_manual_mail, uniq_erica, uniq_gastronok, uniq_joseph, uniq_grum

Skill      XL: |  1  2  3  4  5  6  7  8  9 |
---------------+----------------------------+-----
Axes           | 3 4 5 6 7 9 11 13 16 | 16.7
Fighting       | |  3.6
Armour         | |  3.6
Shields        | |  3.6

Action                   |  1- 3 |  4- 6 |  7- 9 | 10-12 || total
-------------------------+-------+-------+-------+-------++-------
Melee: War axe           |    77 |   136 |   273 |       ||   486
       Headbutt          |     9 |    16 |    56 |     1 ||    82
       Unarmed           |       |     9 |       |       ||     9
       Battleaxe         |       |       |   105 |    13 ||   118
Invok: Berserk           |       |       |     2 |     1 ||     3
  Use: Potion            |     2 |     5 |     2 |       ||     9
       Scroll            |     2 |     4 |    13 |       ||    19
  Eat: Chunk             |       |     6 |    14 |       ||    20
       Ration            |       |       |     1 |       ||     1
Armor: Scale mail        |    32 |    53 |       |       ||    85
       Chain mail        |       |    32 |   127 |       ||   159
       Skin              |       |     1 |       |       ||     1
       Plate armour      |       |       |   100 |    12 ||   112
Dodge: Dodged            |    27 |    70 |    72 |     6 ||   175
Block: Shield            |    35 |    14 |       |       ||    49
       Buckler           |       |    24 |    37 |       ||    61
